 Dungeon Crawl Stone Soup version 0.27-a0-637-g3a9f0a9c12 (webtiles) character file.

Game seed: 3641152684374775045

120628 Allula97 the Brawler (level 16, -2/201 HPs)
             Began as a Demonspawn Berserker on Mar 14, 2021.
             Was a High Priest of Trog.
             Slain by a vampire knight
             ... wielding a +1 battleaxe
              (17 damage)
             ... on level 1 of the Depths.
             The game lasted 01:29:22 (20028 turns).

Allula97 the Brawler (Demonspawn Berserker)        Turns: 20028, Time: 01:29:23

Health: -2/201     AC: 20    Str: 32    XL:     16   Next: 30%
Magic:  16/16      EV: 17    Int:  9    God:    Trog [*****.]
Gold:   859        SH:  0    Dex: 14    Spells: 15/15 levels left

rFire    . . .     SeeInvis .     - Unarmed
rCold    . . .     Faith    .   (no shield)
rNeg     . . .     Spirit   .   U - +1 chain mail "Teacun" {rElec Regen+ Str+7}
rPois    .         Reflect  .   (helmet unavailable)
rElec    +         Harm     .   E - +2 cloak
rCorr    .         Rampage  .   (gloves unavailable)
Will     ++++.                  (no boots)
Stlth    ..........             B - amulet of regeneration
HPRegen  4.43/turn              l - +4 ring of protection
MPRegen  0.15/turn              t - +4 ring of evasion

@: berserking, regenerating, very quick
A: claws 3, horns 3, talons 2, ignite blood 1, powered by death 2, robust 1,
strong-willed 1, strong 1
a: Renounce Religion, Berserk, Trog's Hand, Brothers in Arms


You were on level 1 of the Depths.
You worshipped Trog.
Trog was extremely pleased with you.
You visited 5 branches of the dungeon, and saw 25 of its levels.
You visited 1 bazaar.
You also visited: Bailey and Gauntlet.

You collected 2689 gold pieces.
You spent 1830 gold pieces at shops.

Inventory:

Hand Weapons
 c - a +4 scimitar of flaming
 Q - the +8 whip "Snakebite" {curare, rPois}
   (You found it on level 6 of the Lair of Beasts)

   It poisons the flesh of those it strikes.
   It protects you from poison.
 S - a +2 vorpal triple sword
 X - a +0 quick blade
Missiles
 j - 20 atropa-tipped darts
 m - 12 curare-tipped darts
Armour
 r - a +3 plate armour of cold resistance
 E - a +2 cloak (worn)
 U - the +1 chain mail "Teacun" (worn) {rElec Regen+ Str+7}
   (You bought it in a shop on level 2 of the Orcish Mines)

   It affects your strength (+7).
   It insulates you from electricity.
   It increases your rate of regeneration.
 W - a +1 tower shield of reflection
Jewellery
 i - a ring of poison resistance
 l - a +4 ring of protection (right claw)
 t - a +4 ring of evasion (left claw)
 x - a +4 ring of protection
 B - an amulet of regeneration (around neck)
 C - the ring "Tiustras" {rF+ rC- Str+2 Dex+4 SInv}
   (You took it off a meliai on level 6 of the Lair of Beasts)

   [ring of protection from fire]

   It affects your strength (+2).
   It affects your dexterity (+4).
   It protects you from fire.
   It makes you vulnerable to cold.
   It lets you see invisible.
 D - the ring "Verhoal" {Ice rElec rN+ Int+2}
   (You found it on level 12 of the Dungeon)

   [ring of ice]

   It enhances your ice magic.
   It affects your intelligence (+2).
   It makes you vulnerable to fire.
   It protects you from cold.
   It insulates you from electricity.
   It protects you from negative energy.
 H - a ring of protection from cold
 I - a ring of resist corrosion
 J - a ring of see invisible
 M - a ring of willpower
 V - a ring of positive energy
 Y - an amulet of faith
Wands
 a - a wand of charming (9)
 e - a wand of polymorph (23)
 q - a wand of iceblast (54)
 v - a wand of random effects (80)
 y - a wand of mindburst (28)
 N - a wand of digging (4)
 Z - a wand of paralysis (6)
Scrolls
 b - 4 scrolls of fear
 h - 8 scrolls of amnesia
 o - 2 scrolls of enchant weapon {unknown}
 p - 5 scrolls of identify
 u - 8 scrolls of blinking
 F - 5 scrolls of fog
 L - 4 scrolls of teleportation
 R - 2 scrolls of vulnerability
Potions
 d - 5 potions of cancellation
 f - 13 potions of curing
 g - 3 potions of flight
 k - 2 potions of mutation
 n - a potion of resistance
 s - 3 potions of heal wounds
 w - 5 potions of might
 z - 2 potions of lignification
 A - 2 potions of haste
 G - 15 potions of ambrosia
 P - a potion of magic
 T - a potion of invisibility
Miscellaneous
 K - a condenser vane
 O - a phial of floods


   Skills:
 * Level 10.2 Fighting
 - Level 3.1 Long Blades
 + Level 0.2 Throwing
 * Level 12.2 Armour
 * Level 9.7 Dodging
 * Level 9.8 Stealth
 + Level 0.8 Shields
 * Level 17.9 Unarmed Combat
 * Level 1.1 Evocations


You had 15 spell levels left.
You didn't know any spells.
Your spell library contained the following spells:

 Spells                   Type           Power      Damage    Failure   Level
 Beastly Appendage        Tmut           0%         N/A       80%         1
 Corona                   Hex            0%         N/A       80%         1
 Foxfire                  Conj/Fire      0%         2x1d4     80%         1
 Magic Dart               Conj           0%         1d3       80%         1
 Shock                    Conj/Air       0%         1d3       80%         1
 Sting                    Tmut/Pois      0%         1d3       80%         1
 Summon Small Mammal      Summ           0%         N/A       80%         1
 Call Imp                 Summ           0%         N/A       90%         2
 Ensorcelled Hibernation  Hex/Ice        0%         N/A       90%         2
 Searing Ray              Conj           0%         3d3       90%         2
 Swiftness                Air            0%         N/A       90%         2
 Wereblood                Tmut           0%         N/A       90%         2
 Call Canine Familiar     Summ           0%         N/A       99%         3
 Confusing Touch          Hex            0%         N/A       99%         3
 Dazzling Flash           Conj/Hex       0%         N/A       99%         3
 Spider Form              Tmut/Pois      0%         N/A       99%         3
 Static Discharge         Conj/Air       0%         N/A       99%         3
 Stone Arrow              Conj/Erth      0%         3d7       99%         3
 Summon Guardian Golem    Hex/Summ       0%         N/A       99%         3
 Tukima's Dance           Hex            0%         N/A       99%         3
 Airstrike                Air            0%         N/A       100%        4
 Hailstorm                Conj/Ice       0%         3d3       100%        4
 Ice Form                 Ice/Tmut       0%         N/A       100%        4
 Olgreb's Toxic Radiance  Pois           0%         N/A       100%        4
 Petrify                  Tmut/Erth      0%         N/A       100%        4
 Summon Ice Beast         Ice/Summ       0%         N/A       100%        4
 Summon Lightning Spire   Summ/Air       0%         N/A       100%        4
 Alistair's Intoxication  Tmut/Pois      0%         N/A       100%        5
 Blade Hands              Tmut           0%         N/A       100%        5
 Bolt of Magma            Conj/Fire/Erth 0%         4d4       100%        5
 Lightning Bolt           Conj/Air       0%         1d11      100%        5
 Metabolic Englaciation   Hex/Ice        0%         N/A       100%        5
 Silence                  Hex/Air        0%         N/A       100%        5
 Yara's Violent Unravell  Hex/Tmut       0%         3d3       100%        5
 Freezing Cloud           Conj/Ice/Air   0%         6-21      100%        6
 Iron Shot                Conj/Erth      0%         9d1       100%        6
 Simulacrum               Ice/Necr       0%         N/A       100%        6
 Ozocubu's Refrigeration  Ice            0%         4d5       100%        7


Dungeon Overview and Level Annotations

Branches:
Dungeon (15/15)            Temple (1/1) D:6            Lair (6/6) D:8
 Shoals (0/4) Lair:4       Spider (0/4) Lair:3        Slime (0/5) Lair:6
    Orc (2/2) D:9             Elf (0/3) Orc:2        Vaults (0/5) D:14
 Depths (1/5) D:15         Bailey (visited)         Gauntlet (visited)

Altars:
Ashenzari
Cheibriados
Dithmenos
Elyvilon
Fedhas
Gozag
Hepliaklqana
Kikubaaqudgha
Makhleb
Nemelex Xobeh
Okawaru
Qazlal
Ru
Sif Muna
Trog
Uskayaw
Vehumet
Wu Jian
Xom
Yredelemnul
Zin
The Shining One
Beogh

Shops:
D:5 :   D:8 *   Orc:1 [   Orc:2 [*[=(


Innate Abilities, Weirdness & Mutations

You have claws for hands.
You have a pair of large horns on your head.
You have razor-sharp toenails.
Your demonic aura sometimes causes spilled blood to erupt in flames You regenerate health from kills.
You are robust. (+10% HP)
You are strong-willed. (Will+)
Your muscles are strong. (Str +2)


Message History

The vampire knight is severely damaged.
The vampire knight hits you but does no damage.
The vampire knight bites you but does no damage.
Press: ? - help, v - describe, . - travel
Here: a vampire knight, wielding a +0 war axe and wearing a +0 plate armour (flame, severely damaged, fast)
The floor, spattered with blood.
You scratch the vampire knight.
You claw the vampire knight, but do no damage.
The vampire knight is severely damaged.
The vampire knight is engulfed in blazing flames.
The vampire knight hits you with a +0 war axe!
The vampire knight completely misses you.
A vampire knight comes into view. It is wielding a +0 long sword.
The vampire knight gestures at itself while chanting.
The vampire knight flickers and vanishes!
Deactivating autopickup; reactivate with Ctrl-A.
Unknown command.
Your skin crawls.
You feel strong-willed.
The vampire knight is engulfed in blazing flames.
The vampire knight hits you with a +0 war axe!!
* * * LOW HITPOINT WARNING * * *
The vampire knight bites you.
* * * LOW HITPOINT WARNING * * *
The vampire knight draws strength from your injuries!
A red film seems to cover your vision as you go berserk!
You feel yourself moving faster!
You feel mighty!
The vampire knight hits you with a +0 war axe!!
* * * LOW HITPOINT WARNING * * *
The vampire knight bites you but does no damage.
You eviscerate the vampire knight!!!
You destroy the vampire knight!
Trog accepts your kill.
Trog appreciates your killing of a magic user.
Unknown command.
You claw the vampire knight! You claw the vampire knight.
Your headbutt misses the vampire knight.
The vampire knight is moderately damaged.
Something hits you!
You die...

.####. ...... #.
#.....#
...#######
##.....
#........###....#
......V..#......#
#@)'......####
##.#......#..#
###......#..#
#........#..#
#........#..#
#........'..# ##
#........#'#####.
#####+####[......
..#......(.....#


You could see a vampire knight.

Vanquished Creatures
  Agnes (D:14)
  A fire giant (Depths:1)
  2 orc warlords
  A stone giant (Depths:1)
  A vampire knight (Depths:1)
  A minotaur (Gauntlet)
  An ettin (Orc:1)
  Josephine (Lair:4)
  2 rakshasas (Depths:1)
  A hydra (Lair:1)
  3 boulder beetles
  4 vault guards (D:14)
  Erica (D:11)
  5 centaur warriors
  A catoblepas (Lair:6)
  2 death knights
  15 death yaks
  A vampire mage (D:15)
  2 two-headed ogres
  A deep troll shaman (Lair:6)
  A tengu warrior (D:13)
  An orc high priest (Orc:2)
  A deep troll earth mage (Depths:1)
  A storm dragon zombie (D:15)
  An iron troll (Depths:1)
  A fire crab (shapeshifter) (D:14)
  3 skeletal warriors
  4 unseen horrors
  A glowing orange brain (Depths:1)
  A spark wasp zombie (D:15)
  4 deep trolls (Depths:1)
  2 wizards
  A lindwurm (Lair:6)
  3 orc knights
  2 necromancers
  2 deep elf pyromancers
  4 orc sorcerers
  A phantasmal warrior (D:15)
  3 manticores
  10 ugly things
  A stone giant zombie (D:15)
  2 wolf spiders
  2 cyclopes (D:11)
  2 centaur zombies
  17 elephants
  6 black mambas
  A gargoyle (D:14)
  2 torpor snails
  13 cane toads
  4 kobold demonologists
  4 rime drakes
  9 komodo dragons
  A freezing wraith (D:15)
  A redback zombie (D:15)
  A guardian mummy (D:15)
  5 trolls
  2 meliai (Lair:6)
  2 jumping spiders (Lair:3)
  2 hornets
  2 queen bees
  2 polar bears
  17 blink frogs
  6 dream sheep (Lair:6)
  19 slime creatures
  An ettin zombie (D:15)
  A meliai zombie (D:14)
  4 flying skulls (Gauntlet)
  2 shadows
  2 redbacks (Lair:3)
  8 wraiths
  5 wyverns
  4 vampires
  7 basilisks
  55 yaks
  Eustachio (D:4)
  7 vampire mosquitoes
  2 wargs
  2 acid dragons (D:14)
  A soldier ant (D:11)
  Edmund (D:4)
  12 water moccasins
  7 black bears
  30 orc warriors
  4 sky beasts
  4 ice beasts
  A hornet zombie (D:10)
  A necrophage (D:8)
  9 ogres
  14 wolves
  13 centaurs
  A phantom (D:6)
  5 kobold brigands
  21 bullfrogs
  Blork the orc (Orc:2)
  3 wyvern skeletons
  5 scorpions
  9 wights (D:6)
  36 killer bees
  4 howler monkeys
  4 electric eels
  A crimson imp (D:10)
  4 bullfrog zombies
  A quasit (D:12)
  6 hounds
  14 jellies
  3 centaur skeletons
  19 orc priests
  6 bullfrog skeletons
  Ijyb (D:3)
  2 yak simulacra (D:14)
  7 iguanas
  31 orc wizards
  12 hell rats
  8 worker ants
  5 polar bear simulacra (D:14)
  A wolf simulacrum (D:14)
  A worker ant zombie (D:9)
  8 gnolls
  17 adders
  4 shadow imps
  2 white imps (D:6)
  An ufetubus (D:7)
  2 oozes (Lair:6)
  An adder zombie (D:5)
  A worm (D:2)
  A dart slug (D:3)
  6 leopard geckos
  73 orcs
  2 ball pythons
  3 giant cockroaches
  14 goblins
  8 hobgoblins
  12 jackals
  26 kobolds
  8 quokkas
  7 bats
  3 frilled lizards
  6 rats
  3 river rat simulacra (D:14)
834 creatures vanquished.

Vanquished Creatures (collateral kills)
  The ghost of Tinylith the Geomancer, a journeyman DEEE of Vehumet (Lair:6)
  A rakshasa (D:14)
  2 hydras
  2 orc knights (Orc:2)
  A manticore (D:14)
  A komodo dragon (Lair:3)
  A hornet (Lair:6)
  A water moccasin (Lair:3)
  2 orc warriors
  An orc wizard (Orc:2)
  2 orcs
15 creatures vanquished.

Vanquished Creatures (others)
  A killer bee (Lair:6)
  An orc wizard (Orc:1)
  2 orcs
  A bush (Lair:2)
  34 fungi
  61 plants
  3 withered plants
103 creatures vanquished.

Grand Total: 952 creatures vanquished

Notes
Turn   | Place    | Note
-------+----------+-------------------------------------------
     0 | D:1      | Allula97 the Demonspawn Berserker began the quest for the
                  | Orb.
     0 | D:1      | Reached XP level 1. HP: 18/18 MP: 1/1
   190 | D:1      | Gained mutation: You regenerate a little health from kills.
                  | [demonic ancestry]
   190 | D:1      | Reached XP level 2. HP: 10/24 MP: 2/2
  1387 | D:2      | Gained mutation: You have sharp fingernails. [demonic
                  | ancestry]
  1387 | D:2      | Reached XP level 3. HP: 21/29 MP: 3/3
  1499 | D:2      | Reached ** piety under Trog
  1687 | D:3      | Noticed Ijyb
  1701 | D:3      | Killed Ijyb
  1720 | D:3      | Gained mutation: You have sharp toenails. [demonic
                  | ancestry]
  1720 | D:3      | Reached XP level 4. HP: 35/35 MP: 4/4
  1735 | D:3      | Reached skill level 1 in Stealth
  1735 | D:3      | Reached skill level 1 in Unarmed Combat
  1905 | D:3      | Found an opulent altar of Gozag.
  2086 | D:3      | Reached XP level 5. HP: 42/42 MP: 5/5
  2388 | D:4      | Reached skill level 2 in Unarmed Combat
  2402 | D:4      | Reached *** piety under Trog
  2430 | D:4      | Found an iron altar of Okawaru.
  2437 | D:4      | Noticed Edmund
  2444 | D:4      | Noticed a sky beast
  2453 | D:4      | Killed Edmund
  2454 | D:4      | Reached skill level 3 in Unarmed Combat
  2454 | D:4      | Gained mutation: You have a pair of small horns on your
                  | head. [demonic ancestry]
  2454 | D:4      | Reached XP level 6. HP: 48/48 MP: 6/6
  2455 | D:4      | Killed a sky beast
  2623 | D:4      | Reached skill level 4 in Unarmed Combat
  2623 | D:4      | Gained mutation: You have a pair of horns on your head.
                  | [demonic ancestry]
  2623 | D:4      | Reached XP level 7. HP: 54/54 MP: 7/7
  2669 | D:4      | Noticed Eustachio
  2708 | D:4      | Killed Eustachio
  3305 | D:5      | Entered Level 5 of the Dungeon
  3305 | D:5      | Found Isaxics's Book Emporium.
  3441 | D:5      | Reached skill level 5 in Unarmed Combat
  3589 | D:5      | Reached **** piety under Trog
  3631 | D:5      | Reached XP level 8. HP: 50/61 MP: 8/8
  3851 | D:6      | Found a radiant altar of Vehumet.
  3948 | D:6      | Reached skill level 6 in Unarmed Combat
  4363 | D:6      | Gained mutation: You have razor-sharp toenails. [demonic
                  | ancestry]
  4363 | D:6      | Reached XP level 9. HP: 58/67 MP: 9/9
  4365 | D:6      | Reached skill level 7 in Unarmed Combat
  4384 | D:6      | Reached skill level 5 in Fighting
  4622 | D:6      | Found a staircase to the Ecumenical Temple.
  4634 | Temple   | Entered the Ecumenical Temple
  5106 | D:6      | Reached skill level 5 in Armour
  5148 | D:6      | Found a sparkling altar of Nemelex Xobeh.
  5487 | D:7      | Found a stormy altar of Qazlal.
  5785 | D:7      | Found a snail-covered altar of Cheibriados.
  5786 | D:7      | Found a shimmering blue altar of Sif Muna.
  6175 | D:8      | Found a staircase to the Lair.
  6175 | D:8      | Noticed an elephant
  6188 | D:8      | Killed an elephant
  6189 | D:8      | Reached skill level 8 in Unarmed Combat
  6197 | D:8      | Reached skill level 5 in Dodging
  6376 | D:8      | Killed an unseen horror
  6377 | D:8      | Gained mutation: You have very sharp fingernails. [demonic
                  | ancestry]
  6377 | D:8      | Reached XP level 10. HP: 50/75 MP: 10/10
  6606 | D:8      | Found Xaivveej's General Store.
  6618 | D:8      | Bought a potion of curing for 36 gold pieces
  6618 | D:8      | Bought a scroll of blinking for 90 gold pieces
  6618 | D:8      | Bought a scroll of identify for 24 gold pieces
  6675 | D:8      | Reached skill level 9 in Unarmed Combat
  6687 | D:8      | Found a broken altar of Ashenzari.
  6961 | Lair:1   | Entered Level 1 of the Lair of Beasts
  6962 | Lair:1   | Noticed a cane toad
  6965 | Lair:1   | Noticed a cane toad
  6967 | Lair:1   | Killed a cane toad
  6972 | Lair:1   | Killed a cane toad
  6990 | Lair:1   | Reached skill level 5 in Stealth
  7338 | Lair:1   | Reached skill level 10 in Unarmed Combat
  7343 | Lair:1   | Gained mutation: You have a pair of large horns on your
                  | head. [demonic ancestry]
  7343 | Lair:1   | Reached XP level 11. HP: 69/81 MP: 11/11
  7593 | Lair:1   | Noticed an eight-headed hydra
  7602 | Lair:1   | Killed an eight-headed hydra
  8053 | Lair:2   | Noticed a wolf spider
  8083 | Lair:2   | Killed a wolf spider
  8210 | Lair:2   | Reached ***** piety under Trog
  8215 | Lair:2   | Reached skill level 11 in Unarmed Combat
  8661 | Lair:3   | Gained mutation: Your demonic aura sometimes causes spilled
                  | blood to erupt in flames [demonic ancestry]
  8661 | Lair:3   | Reached XP level 12. HP: 91/91 MP: 12/12
  8967 | Lair:3   | Noticed a six-headed hydra
  8981 | Lair:3   | Killed a six-headed hydra
  9196 | Lair:3   | Found a hole to the Spider Nest.
  9206 | Lair:3   | Reached skill level 12 in Unarmed Combat
  9705 | Lair:4   | Noticed Josephine
  9715 | Lair:4   | Killed Josephine
  9804 | Lair:4   | Noticed a death yak
  9808 | Lair:4   | Noticed a death yak
  9815 | Lair:4   | Noticed a death yak
  9817 | Lair:4   | Killed a death yak
  9817 | Lair:4   | Noticed a death yak
  9824 | Lair:4   | Killed a death yak
  9824 | Lair:4   | Received a gift from Trog
  9830 | Lair:4   | Killed a death yak
  9834 | Lair:4   | Killed a death yak
  9835 | Lair:4   | Reached skill level 13 in Unarmed Combat
  9902 | Lair:4   | Gained mutation: You are robust. (+10% HP) [demonic
                  | ancestry]
  9902 | Lair:4   | Reached XP level 13. HP: 92/107 MP: 13/13
 10062 | Lair:4   | Reached skill level 10 in Armour
 10236 | Lair:4   | Found a staircase to the Shoals.
 11321 | Lair:6   | Entered Level 6 of the Lair of Beasts
 11383 | Lair:6   | Found a staircase to the Slime Pits.
 11487 | Lair:6   | Reached skill level 14 in Unarmed Combat
 11698 | Lair:6   | Found the +8 whip "Snakebite" {curare, rPois}
 11727 | Lair:6   | Identified the Catalogue of Earthen Envenoming
 11813 | Lair:6   | Gained mutation: You regenerate health from kills. [demonic
                  | ancestry]
 11813 | Lair:6   | Reached XP level 14. HP: 73/116 MP: 14/14
 12149 | Lair:6   | Reached skill level 15 in Unarmed Combat
 12187 | Lair:6   | Received a gift from Trog
 12194 | Lair:6   | Identified the +0 robe "Cath" {rC+ rN+ Will++}
 12199 | Lair:6   | Found a transporter.
 12200 | Lair:6   | Found a transporter.
 12223 | Lair:6   | Noticed Tinylith's ghost (journeyman DEEE)
 12223 | Lair:6   | Identified the ring "Tiustras" {rF+ rC- Str+2 Dex+4 SInv}
 12246 | Lair:6   | Killed Tinylith's ghost
 13052 | D:9      | Gained mutation: You possess an exceptional clarity of
                  | mind. [potion of mutation]
 13052 | D:9      | Gained mutation: You are strong-willed. (Will+) [potion of
                  | mutation]
 13052 | D:9      | Lost mutation: You possess an exceptional clarity of mind.
                  | [potion of mutation]
 13052 | D:9      | Gained mutation: Your muscles are strong. (Str +2) [potion
                  | of mutation]
 13076 | D:9      | Found a staircase to the Orcish Mines.
 13788 | D:9      | Found an ornate altar of the Wu Jian Council.
 13848 | D:10     | Entered Level 10 of the Dungeon
 14197 | D:10     | Received a gift from Trog
 14658 | Orc:1    | Entered Level 1 of the Orcish Mines
 14679 | Orc:1    | Found Epockov's Armour Boutique.
 14744 | Orc:1    | Noticed an orc warlord
 14766 | Orc:1    | Killed an orc warlord
 15042 | Orc:2    | Entered Level 2 of the Orcish Mines
 15042 | Orc:2    | Found a staircase to the Elven Halls.
 15158 | Orc:2    | Noticed an orc warlord
 15163 | Orc:2    | Noticed Blork the orc
 15173 | Orc:2    | Killed an orc warlord
 15181 | Orc:2    | Killed Blork the orc
 15182 | Orc:2    | Received a gift from Trog
 15215 | Orc:2    | Found Tulia's Antique Weapon Boutique.
 15245 | Orc:2    | Found Patuucuvae's Jewellery Boutique.
 15263 | Orc:2    | Found Ycsykhif's General Store.
 15270 | Orc:2    | Bought a scroll of identify for 34 gold pieces
 15270 | Orc:2    | Bought a potion of haste for 170 gold pieces
 15270 | Orc:2    | Bought a potion of invisibility for 136 gold pieces
 15279 | Orc:2    | Found Gohan's Antique Armour Boutique.
 15324 | Orc:2    | Found a burning altar of Makhleb.
 15596 | Orc:2    | Found Kisk's Antique Armour Shop.
 15604 | Orc:2    | Bought a twisted chain mail for 256 gold pieces
 15604 | Orc:2    | Identified the +1 chain mail "Teacun" {rElec Regen+ Str+7}
                  | (You bought it in a shop on level 2 of the Orcish Mines)
 16129 | D:11     | Noticed Erica
 16138 | D:11     | Killed Erica
 16139 | D:11     | Reached skill level 16 in Unarmed Combat
 16242 | D:11     | Found a sparkling altar of Nemelex Xobeh.
 16573 | D:12     | Gained mutation: You have claws for hands. [demonic
                  | ancestry]
 16573 | D:12     | Reached XP level 15. HP: 68/125 MP: 15/15
 16575 | D:12     | Found a flickering gateway to a bazaar.
 16581 | Bazaar   | Entered a bazaar
 16607 | Bazaar   | Found Noas's Jewellery Boutique.
 16656 | Bazaar   | Found Dymaxzaz's Jewellery Emporium.
 16702 | Bazaar   | Found Eqovves's Magic Scroll Emporium.
 16710 | Bazaar   | Bought a scroll of enchant armour for 120 gold pieces
 16710 | Bazaar   | Bought a scroll of fear for 56 gold pieces
 16710 | Bazaar   | Bought a scroll of blinking for 120 gold pieces
 16710 | Bazaar   | Bought 3 scrolls of identify for 96 gold pieces
 16753 | Bazaar   | Found Bafuhubu's Jewellery Emporium.
 16761 | Bazaar   | Bought a +4 ring of evasion for 396 gold pieces
 16813 | Bazaar   | Bought a scroll of blinking for 120 gold pieces
 16813 | Bazaar   | Bought a scroll of blinking for 120 gold pieces
 16813 | Bazaar   | Bought a scroll of magic mapping for 56 gold pieces
 16856 | D:12     | Identified the ring "Verhoal" {Ice rElec rN+ Int+2}
 16910 | D:12     | Reached ****** piety under Trog
 17023 | D:12     | Received a gift from Trog
 17165 | D:12     | You fall into a shaft and drop 3 floors!
 17165 | D:15     | Entered Level 15 of the Dungeon
 17246 | D:14     | Noticed Agnes
 17253 | D:14     | Killed Agnes
 17254 | D:14     | Found a gate leading to a gauntlet.
 17267 | D:14     | Found a gate to the Vaults.
 17290 | Gauntlet | Entered a Gauntlet
 17290 | Gauntlet | Found a transporter.
 17296 | Gauntlet | Found a transporter.
 17300 | Gauntlet | Found a transporter.
 17308 | Gauntlet | Found a transporter.
 17312 | Gauntlet | Found a transporter.
 17319 | Gauntlet | Found a runed translucent door.
 17322 | Gauntlet | Found a transporter.
 17324 | Gauntlet | Found a transporter.
 17329 | Gauntlet | Found a transporter.
 17336 | Gauntlet | Found a transporter.
 17340 | Gauntlet | Found a transporter.
 17345 | Gauntlet | Found a transporter.
 17352 | Gauntlet | Found a transporter.
 17399 | Gauntlet | Found a transporter.
 17411 | Gauntlet | Found a transporter.
 17520 | Gauntlet | Identified the Catalogue of Transmigration
 17525 | Gauntlet | Identified the +3 leather armour "Earthly Heaven" {rPois}
 17525 | Gauntlet | Identified the Handbook of Floating Confrontation
 17528 | Gauntlet | Identified the +0 robe of Deinudghag {rElec}
 17772 | D:13     | Found a flagged portal.
 17777 | D:13     | Received a gift from Trog
 17798 | D:13     | Reached skill level 17 in Unarmed Combat
 17807 | Bailey   | Entered a bailey
 17947 | Bailey   | Found a bloodstained altar of Trog.
 18814 | D:14     | Reached skill level 10 in Fighting
 18954 | D:15     | Received a gift from Trog
 19048 | D:15     | Found a staircase to the Depths.
 19160 | D:15     | Found a basalt altar of Yredelemnul.
 19168 | D:15     | Reached XP level 16. HP: 134/134 MP: 16/16
 19842 | Depths:1 | Entered Level 1 of the Depths
 20020 | Depths:1 | Reached skill level 1 in Evocations
 20028 | Depths:1 | Slain by a vampire knight

Illustrated notes

Levels and vault maps discovered:
D:1:      kennysheep_arrival_seaside, layout_basic
D:2:      layout_loops_cross
D:3:      minmay_angry_zag, layout_rooms,
          nicolae_gozag_cash_rules_everything_around_me, st_stairs_13,
          chequers_garden, guppyfry_early_orc_mine, uniq_ijyb
D:4:      layout_basic, okawaru_metal_pillars_3, minmay_fountain_box,
          minmay_quadrilaterals, uniq_eustachio, uniq_edmund
D:5:      layout_rooms, serial_shops, shop
D:6:      layout_gridville, nemelex_xobeh_ov_fountains_minmay, kennysheep_mini,
          minmay_temple_entry_drinking_statues, minmay_misc_feat_ornament,
          lemuel_old_faithful
D:7:      layout_loops_ring, nicolae_qazlal_eye_of_the_storm,
          grunt_temple_overflow_open
D:8:      layout_loops_ring, marbit_many_paths, david_lair_generic,
          serial_shops, nicolae_shop_window_shopping,
          eino_small_chamber_without_monster
D:9:      layout_loops_ring, lemuel_round_altar, nicolae_elyvilon_temple_path,
          orc_0_dummy, minivault_10
D:10:     layout_roguey [special_room_bee], minmay_door_square,
          lightli_wizard_tower
D:11:     layout_gridville, basic_altar, minmay_misc_feat_tower, st_stairs_12,
          uniq_erica
D:12:     layout_loops_ring, serial_shops, bzr_entry_water
D:13:     layout_basic, enter_bailey_3
D:14:     layout_roguey, lightli_vaults_fourway_checkpoint,
          gauntlet_entry_generic, hangedman_decor_lopped,
          eino_house_with_fridge, uniq_agnes
D:15:     gammafunk_depths_entry_grave, layout_basic, lemuel_tele_altar
Temple:   minmay_temple_bridge_abc
Lair:1:   layout_regular_city, fungi_pond_lemuel, grunt_megastairs_4
Lair:2:   minmay_lair_venomous_thicket, layout_long_grid
Lair:3:   layout_hall_layers, spider_nest_entry_funnel_web
Lair:4:   layout_regular_city, shoals_dummy_entry, wad_woods_river_01,
          uniq_josephine
Lair:5:   layout_big_grid, beast_lair_carwin_1
Lair:6:   grunt_lair_end_beastmaster, layout_cave_pods,
          minmay_slime_entry_jelly_boxes, gammafunk_ghost_hive
Orc:1:    layout_caves, serial_shops, shop
Orc:2:    grunt_orc_cross, layout_diamond_mine, serial_shops, shop,
          bloody_makhleb
Depths:1: layout_honeycomb, dk_noncrumbling_3, pan_entry, hell_entry,
          grunt_decor_fettered, minivault_16,
          hangedman_abyss_or_decor_lesser_grid, minmay_misc_feat_room,
          minmay_guarded_unrand_vampires_tooth, firewood_loft

Skill      XL: |  1  2  3  4  5  6  7  8  9 10 11 12 13 14 15 16 |
---------------+-------------------------------------------------+-----
Long Blades    | 3 |  3.1
Armour         | 2 3 4 6 7 8 9 10 11 12 | 12.2
Dodging        | 2 3 4 5 6 7 8 9 |  9.7
Stealth        | 1 2 3 4 5 6 7 8 9 |  9.8
Unarmed Combat | 1 3 4 5 6 8 10 11 13 14 16 17 | 17.9
Fighting       | 4 5 6 7 8 9 10 | 10.2
Evocations     | 1 |  1.1
Throwing       | |  0.2
Shields        | |  0.8

Action                   |  1- 3 |  4- 6 |  7- 9 | 10-12 | 13-15 | 16-18 || total
-------------------------+-------+-------+-------+-------+-------+-------++-------
Melee: Falchion          |    64 |       |       |       |       |       ||    64
       Unarmed           |    43 |   137 |   323 |   440 |  1146 |   117 ||  2206
       Kick              |       |    35 |   100 |   134 |   445 |    47 ||   761
       Headbutt          |       |     4 |    68 |   109 |   267 |    24 ||   472
       Punch             |       |       |     4 |    18 |    93 |    12 ||   127
Throw: Dart              |       |       |       |       |     2 |       ||     2
Invok: Berserk           |     3 |     3 |     8 |     8 |    11 |     2 ||    35
       Trog's Hand       |       |       |     5 |     4 |    11 |     2 ||    22
       Brothers in Arms  |       |       |     2 |     1 |     5 |       ||     8
Evoke: Wand              |       |       |       |       |     1 |       ||     1
  Use: Scroll            |       |     5 |     1 |     3 |    17 |       ||    26
       Potion            |       |       |     2 |       |    10 |       ||    12
 Stab: Sleeping          |       |       |     1 |     3 |     6 |       ||    10
       Invisible         |       |       |       |       |     1 |       ||     1
Armor: Leather armour    |    27 |     8 |       |       |       |       ||    35
       Animal skin       |     1 |       |       |       |       |       ||     1
       Skin              |     4 |       |       |       |       |       ||     4
       Scale mail        |       |    59 |   279 |   251 |   384 |       ||   973
       Chain mail        |       |       |       |       |   202 |    52 ||   254
Dodge: Dodged            |    55 |   100 |   292 |   312 |   943 |    75 ||  1777
Block: Tower shield      |       |       |       |       |    46 |       ||    46
       Reflection        |       |       |       |       |    46 |       ||    46
       Rpst.: Falchion   |     9 |       |       |       |       |       ||     9

Table legend: (Time is in decaauts)
 A = Elapsed time spent in this place.
 B = Non-inter-level travel time spent in this place.
 C = Inter-level travel time spent in this place.
 D = Time resting spent in this place.
 E = Time spent auto-exploring this place.
 F = Levels seen in this place.
 G = Mean time per level.
                   A        B        C        D        E       F      G
               +--------+--------+--------+--------+--------+-----+--------+
         Total |  19872 |  18492 |   1380 |     32 |  11436 |  28 |  709.7 |
       Dungeon |  11370 |  10620 |    750 |     31 |   7195 |  15 |  758.0 |
        Temple |    226 |    226 |      0 |      0 |    201 |   1 |  226.0 |
          Lair |   5944 |   5604 |    340 |      1 |   3408 |   6 |  990.7 |
  Orcish Mines |   1420 |   1131 |    289 |      0 |    592 |   2 |  710.0 |
        Depths |    167 |    167 |      0 |      0 |     39 |   1 |  167.0 |
        Bazaar |    261 |    261 |      0 |      0 |      0 |   1 |  261.0 |
        Bailey |    224 |    224 |      0 |      0 |      0 |   1 |  224.0 |
      Gauntlet |    257 |    257 |      0 |      0 |      0 |   1 |  257.0 |
               +--------+--------+--------+--------+--------+-----+--------+

Top non-repeatable levels by time:
  Lair:6: 1498 daAuts
     D:6: 1271 daAuts
  Lair:4: 1078 daAuts
     D:1: 981 daAuts
  Lair:3: 960 daAuts
  Lair:1: 956 daAuts
     D:4: 942 daAuts
    D:15: 912 daAuts
     D:9: 910 daAuts
     D:8: 909 daAuts
   Orc:2: 898 daAuts
    D:10: 765 daAuts
  Lair:2: 765 daAuts
     D:7: 730 daAuts
     D:3: 726 daAuts
